 Dungeon Crawl Stone Soup version 0.19.5 (webtiles) character file.

5786 Keye the Thaumaturge (level 10, -7/50 HPs)
             Began as a Deep Elf Fire Elementalist on May 9, 2017.
             Was a Priest of Vehumet.
             Mangled by a white ugly thing (11 damage)
             ... on level 9 of the Dungeon on May 11, 2017.
             The game lasted 00:50:20 (11525 turns).

Keye the Thaumaturge (Deep Elf Fire Elementalist)  Turns: 11525, Time: 00:50:21

Health: -7/50      AC:  9    Str:  9    XL:     10   Next: 50%
Magic:  24/28      EV: 13    Int: 28    God:    Vehumet [***...]
Gold:   520        SH:  0    Dex: 19    Spells: 8 memorised, 10 levels left

rFire  + + +     SeeInvis +     p - +2 rapier (flame)
rCold  x . .     Gourm    .     g - +4 robe of Augmentation {Str+4 Int+4 Dex+4}
rNeg   . . .     Faith    .     (no shield)
rPois  .         Spirit   .     (no helmet)
rElec  .         Reflect  .     y - +0 cloak
rCorr  .         Harm     .     r - +0 pair of gloves
MR     +....                    (no boots)
Stlth  ++........               B - amulet of regeneration
                                M - ring of fire
                                a - ring "Buidduth" {rF++ AC+1 SInv}

@: no status effects
A: no striking features
a: Renounce Religion


You were on level 9 of the Dungeon.
You worshipped Vehumet.
Vehumet was most pleased with you.
You were hungry.

You visited 2 branches of the dungeon, and saw 10 of its levels.
You also visited: Sewer and Ossuary.

You collected 520 gold pieces.

Inventory:

Hand Weapons
 p - a +2 rapier of flaming (weapon)
 X - the +8 glaive of the Guard {elec, +Rage AC+5 SInv}
   (You took it off an orc on level 8 of the Dungeon)

   Occasionally, upon striking a foe, it will discharge some electrical energy
   and cause terrible harm.
   It affects your AC (+5).
   It lets you see invisible.
   It lets you go berserk.
Armour
 g - the +4 robe of Augmentation (worn) {Str+4 Int+4 Dex+4}
   (You found it on level 4 of the Dungeon)

   It affects your strength (+4).
   It affects your intelligence (+4).
   It affects your dexterity (+4).
 r - a +0 pair of gloves (worn)
 y - a +0 cloak (worn)
 W - a +0 robe of fire resistance
 Y - a +2 robe of cold resistance
Magical Staves
 Q - an uncursed staff of earth
Jewellery
 a - the ring "Buidduth" (left hand) {rF++ AC+1 SInv}
   (You found it on level 7 of the Dungeon)

   [ring of protection]

   It affects your AC (+1).
   It greatly protects you from fire.
   It lets you see invisible.
 n - an uncursed ring of poison resistance
 B - an amulet of regeneration (around neck)
 F - an uncursed ring of positive energy
 M - a ring of fire (right hand)
Wands
 e - a wand of random effects (36/48)
 C - a wand of flame (20/48)
 D - a wand of teleportation (3/9)
 H - a wand of paralysis (13/24)
 I - a wand of paralysis (19/24)
 T - a wand of paralysis (12/24)
 V - a wand of paralysis (12/24)
Scrolls
 l - 4 scrolls of magic mapping
 o - 2 scrolls of remove curse
 q - 5 scrolls of teleportation
 w - a scroll of enchant armour {unknown}
 G - 7 scrolls of identify
 R - 2 scrolls of blinking {unknown}
 S - a scroll of immolation {unknown}
 U - a scroll of noise {unknown}
Potions
 d - 7 potions of might
 i - 2 potions of cure mutation
 j - 5 potions of brilliance
 k - 2 potions of cancellation {unknown}
 m - 2 potions of ambrosia {unknown}
 s - a potion of magic
 t - 4 potions of haste
 u - 4 potions of heal wounds
 v - 4 potions of agility
 x - 5 potions of curing {unknown}
 z - a potion of mutation {unknown}
 A - 2 potions of degeneration {unknown}
 E - a potion of flight {unknown}
 L - 2 potions of invisibility
 O - a potion of resistance {unknown}
Books
 b - a book of Flames

   Spells                             Type                      Level
   a - Flame Tongue                   Conjuration/Fire             1
   b - Throw Flame                    Conjuration/Fire             2
   c - Conjure Flame                  Conjuration/Fire             3
   d - Inner Flame                    Hexes/Fire                   3
   e - Sticky Flame                   Conjuration/Fire             4
   f - Fireball                       Conjuration/Fire             5
Miscellaneous
 N - a fan of gales
Comestibles
 c - 11 bread rations
 f - 10 beef jerkies
 h - 7 meat rations
 K - 4 fruits
 P - a royal jelly


   Skills:
 - Level 2.4 Dodging
 - Level 2.4 Stealth
 - Level 12.1 Spellcasting
 + Level 9.9 Conjurations
 + Level 10.5 Fire Magic


You had 10 spell levels left.
You knew the following spells:

 Your Spells              Type           Power        Failure   Level  Hunger
a - Flame Tongue          Conj/Fire      #####        1%          1    None
b - Throw Flame           Conj/Fire      ######       1%          2    None
c - Conjure Flame         Conj/Fire      #######.     1%          3    None
d - Inner Flame           Hex/Fire       ######..     1%          3    None
e - Sticky Flame          Conj/Fire      #######.     1%          4    None
f - Fireball              Conj/Fire      #######...   1%          5    ###....
g - Shock                 Conj/Air       ####         1%          1    None
h - Throw Icicle          Conj/Ice       #####...     1%          4    None


Dungeon Overview and Level Annotations

Branches:
Dungeon (9/15)             Temple (1/1) D:4            Lair (0/6) D:9
    Orc: D:9-12

Altars:
Ashenzari
Cheibriados
Dithmenos
Elyvilon
Fedhas
Gozag
Hepliaklqana
Kikubaaqudgha
Makhleb
Nemelex Xobeh
Okawaru
Qazlal
Ru
Sif Muna
Trog
Uskayaw
Vehumet
Xom
Yredelemnul
Zin
The Shining One

Shops:
D:5 (


Message History

Press: ? - help, Shift-Dir - straight line, f - white ugly thing
Aim: a white ugly thing (flame, lightly wounded)
You feel a surge of power!
The flame tongue hits the white ugly thing.
The white ugly thing is lightly wounded.
The white ugly thing is engulfed in roaring flames.
Casting: Flame Tongue
Confirm with . or Enter, or press ? or * to list all spells.
Aiming: Flame Tongue
Press: ? - help, Shift-Dir - straight line, f/p - white ugly thing
Aim: a white ugly thing (moderately wounded)
You feel a surge of power!
The flame tongue hits the white ugly thing.
The white ugly thing is heavily wounded.
The white ugly thing headbutts you. The white ugly thing freezes you!!!
You feel a terrible chill!
Ouch! That really hurt!
* * * LOW HITPOINT WARNING * * *
The white ugly thing headbutts you!
You die...

#####....§≈≈..#
.<.#..§≈≈≈≈.≈.##
......≈§≈..≈≈..####
...##..§.>≈≈§.....#
...##.≈≈..≈≈≈.....#
......≈≈≈≈≈≈......#
...##..≈≈≈≈.......#
...##.............#
)..###..#.......@.#
#### ##........u..#
###.<.......#
#.........#
####§######
#####..##### #
#..........# #
#....u.....# #
#..........#


You could see a white ugly thing.

Vanquished Creatures
  Pikel (D:6)
  Grinder (D:6)
  A hippogriff (D:7)
  A two-headed ogre (D:8)
  Eustachio (D:6)
  A hungry ghost (D:8)
  2 hell hounds (D:9)
  A water moccasin (D:7)
  2 ice beasts
  An orc warrior (D:8)
  A black bear (D:7)
  A sky beast (D:8)
  9 ogres
  A phantom (D:9)
  A crocodile (D:9)
  4 centaurs
  5 bullfrogs
  2 water moccasin zombies (Ossuary)
  4 scorpions
  12 wights
  A howler monkey (D:6)
  4 crimson imps
  A bullfrog zombie (D:6)
  A bullfrog skeleton (D:5)
  A centaur skeleton (D:5)
  2 jellies
  3 orc priests
  10 orc wizards
  2 hounds
  4 iguanas
  Ijyb (D:3)
  2 worker ants (D:4)
  2 big kobold zombies (Ossuary)
  A hound zombie (D:7)
  A hound skeleton (D:8)
  2 mummies (Ossuary)
  5 gnolls
  10 adders
  5 river rats
  A shadow imp (D:7)
  An ooze (D:4)
  2 adder skeletons
  4 adder zombies
  A worm (D:4)
  A dart slug (D:4)
  4 leopard geckos
  35 orcs
  11 ball pythons
  10 bats
  6 giant cockroaches
  3 gnoll zombies (Ossuary)
  13 goblins
  11 hobgoblins
  7 jackals
  6 kobolds
  6 quokkas
  7 frilled lizards
  A giant cockroach zombie (D:5)
  3 hobgoblin zombies (Ossuary)
  2 kobold zombies (Ossuary)
  2 orc zombies (Ossuary)
  A quokka skeleton (D:6)
  A quokka zombie (D:8)
  12 rats
261 creatures vanquished.

Vanquished Creatures (others)
  A black bear (D:9)
  An ice beast (D:6)
  2 slaves (D:6)
  2 orc warriors
  A bullfrog (D:9)
  A scorpion (D:9)
  A crimson imp (D:6)
  An orc priest (D:9)
  2 adders (D:9)
  3 orcs (D:6)
15 creatures vanquished.

Grand Total: 276 creatures vanquished

Notes
Turn   | Place    | Note
-------+----------+-------------------------------------------
     0 | D:1      | Keye the Deep Elf Fire Elementalist began the quest for the Orb.
     0 | D:1      | Reached XP level 1. HP: 10/10 MP: 6/6
   269 | D:1      | Reached skill level 4 in Spellcasting
   269 | D:1      | Reached XP level 2. HP: 15/15 MP: 5/9
   923 | D:2      | Found a snail-covered altar of Cheibriados.
   931 | D:2      | Reached XP level 3. HP: 19/19 MP: 6/11
   941 | D:2      | Reached skill level 5 in Spellcasting
  1168 | D:2      | Learned a level 2 spell: Throw Flame
  1172 | D:2      | Learned a level 3 spell: Conjure Flame
  1689 | D:3      | Learned a level 3 spell: Inner Flame
  2006 | D:3      | Reached skill level 6 in Spellcasting
  2006 | D:3      | Reached XP level 4. HP: 24/24 MP: 11/14
  2031 | D:3      | Found a bloodstained altar of Trog.
  2170 | D:3      | Noticed Ijyb
  2323 | D:3      | Killed Ijyb
  2551 | D:3      | Found a hazy altar of Hepliaklqana.
  2797 | D:3      | Reached skill level 7 in Spellcasting
  2936 | D:3      | Reached XP level 5. HP: 24/28 MP: 8/16
  3121 | D:3      | Found a stormy altar of Qazlal.
  3362 | D:4      | Noticed an ogre
  3372 | D:3      | Reached skill level 8 in Spellcasting
  3586 | D:4      | Found a glowing drain.
  3589 | D:4      | Noticed an ogre
  3600 | D:4      | Killed an ogre
  3600 | D:4      | Reached skill level 9 in Spellcasting
  3600 | D:4      | Reached XP level 6. HP: 8/32 MP: 3/20
  3859 | Sewer    | Entered a sewer
  4387 | D:4      | Reached skill level 10 in Spellcasting
  4408 | D:4      | Reached XP level 7. HP: 32/36 MP: 0/22
  4752 | D:4      | Found an ancient bone altar of Kikubaaqudgha.
  4753 | D:4      | Found a blossoming altar of Fedhas.
  4756 | D:4      | Found a shimmering altar of Xom.
  4798 | D:4      | Found a staircase to the Ecumenical Temple.
  4811 | Temple   | Entered the Ecumenical Temple
  5033 | Temple   | Became a worshipper of Vehumet
  5073 | D:4      | Reached skill level 11 in Spellcasting
  5278 | D:4      | Found a basalt altar of Yredelemnul.
  5549 | D:4      | Found a glowing golden altar of the Shining One.
  5549 | D:4      | Found a faded altar of an unknown god.
  5554 | D:4      | Found a faded altar of an unknown god.
  5556 | D:4      | Found a faded altar of an unknown god.
  5558 | D:4      | Found a faded altar of an unknown god.
  5721 | D:5      | Entered Level 5 of the Dungeon
  5744 | D:5      | Reached skill level 12 in Spellcasting
  5757 | D:5      | Reached XP level 8. HP: 34/41 MP: 26/26
  5917 | D:5      | Found a glowing silver altar of Zin.
  5963 | D:5      | Found Fireom's Antique Weapon Shoppe.
  6081 | D:5      | Reached * piety under Vehumet
  6081 | D:5      | Offered knowledge of Shock by Vehumet.
  6114 | D:5      | Learned a level 4 spell: Sticky Flame
  6120 | D:5      | Learned a level 5 spell: Fireball
  6122 | D:5      | Learned a level 1 spell: Shock
  6484 | D:6      | Noticed Grinder
  6495 | D:6      | Killed Grinder
  6495 | D:6      | Reached skill level 5 in Fire Magic
  6611 | D:6      | Noticed Eustachio
  6633 | D:6      | Killed Eustachio
  6938 | D:6      | Found a sacrificial altar of Ru.
  7108 | D:6      | Reached skill level 5 in Conjurations
  7477 | D:6      | Noticed Pikel
  7608 | D:6      | Killed Pikel
  7608 | D:6      | Reached XP level 9. HP: 39/45 MP: 6/27
  8189 | D:7      | Got a warped copper ring
  8363 | D:7      | Found a sand-covered staircase.
  8368 | Ossuary  | Entered an ossuary
  8427 | Ossuary  | Reached ** piety under Vehumet
  8427 | Ossuary  | Offered knowledge of Magic Dart by Vehumet.
  8689 | Ossuary  | Identified the ring "Buidduth" {rF++ AC+1 SInv} (You found it on level 7 of the Dungeon)
  9704 | D:8      | Found an iron altar of Okawaru.
  9811 | D:8      | Reached XP level 10. HP: 50/50 MP: 22/28
  9948 | D:8      | Offered knowledge of Ignite Poison by Vehumet.
 10182 | D:8      | Reached *** piety under Vehumet
 10451 | D:8      | Reached skill level 10 in Fire Magic
 11018 | D:9      | Found a staircase to the Lair.
 11085 | D:9      | Offered knowledge of Throw Icicle by Vehumet.
 11091 | D:9      | Learned a level 4 spell: Throw Icicle
 11172 | D:9      | Found a shimmering altar of Xom.
 11405 | D:9      | Found a deep blue altar of Sif Muna.
 11511 | D:9      | Noticed a white ugly thing
 11513 | D:9      | Noticed a cyclops
 11525 | D:9      | Mangled by a white ugly thing

Skill      XL: |  1  2  3  4  5  6  7  8  9 10 |
---------------+-------------------------------+-----
Spellcasting   | 4 6 7 9 10 12 | 12.1
Conjurations   | 6 8 9 |  9.9
Fire Magic     | 7 9 10 | 10.5
Dodging        | |  2.4
Stealth        | |  2.4

Action                   |  1- 3 |  4- 6 |  7- 9 | 10-12 || total
-------------------------+-------+-------+-------+-------++-------
Melee: Unarmed           |     1 |       |       |       ||     1
       Rapier            |     5 |     3 |    33 |     9 ||    50
 Cast: Flame Tongue      |    73 |   122 |   292 |   119 ||   606
       Throw Flame       |     2 |    19 |    48 |    13 ||    82
       Inner Flame       |       |     3 |    16 |     3 ||    22
       Conjure Flame     |       |     2 |    15 |     6 ||    23
       Shock             |       |       |    11 |    12 ||    23
       Sticky Flame      |       |       |     2 |       ||     2
       Throw Icicle      |       |       |       |     7 ||     7
       Fireball          |       |       |       |     1 ||     1
  Use: Scroll            |     9 |     1 |     8 |       ||    18
  Eat: Chunk             |     3 |     6 |    18 |     5 ||    32
       Beef jerky        |       |     1 |       |       ||     1
Armor: Robe              |    11 |    14 |    43 |     6 ||    74
Dodge: Dodged            |    38 |    57 |    90 |    19 ||   204
